 Dungeon Crawl Stone Soup version 0.20-b1-2-gc5a9893 (webtiles) character file.

243 Hailrake the Cudgeler (level 6, -1/53 HPs)
             Began as a Hill Orc Fighter on May 22, 2017.
             Was an Initiate of Makhleb.
             Slain by a gnoll sergeant
             ... wielding a +0 spear
              (3 damage)
             ... on level 5 of the Dungeon.
             The game lasted 00:14:20 (3760 turns).

Hailrake the Cudgeler (Hill Orc Fighter)            Turns: 3760, Time: 00:14:20

Health: -1/53      AC:  8    Str: 20    XL:     6   Next: 9%
Magic:  6/6        EV:  7    Int:  8    God:    Makhleb [......]
Gold:   198        SH:  9    Dex: 11    Spells: 5/5 levels left

rFire    + . .     SeeInvis .   a - +0 flail
rCold    . . .     Gourm    .   c - +0 shield
rNeg     . . .     Faith    .   b - +0 scale mail
rPois    +         Spirit   .   n - +0 helmet
rElec    .         Reflect  .   (no cloak)
rCorr    .         Harm     .   (no gloves)
MR       .....                  (no boots)
Stlth    ..........             (no amulet)
Regen    0.2/turn               i - ring of protection from fire
MPRegen  0.1/turn               o - ring of poison resistance

@: no status effects
A: no striking features
a: Renounce Religion


You were on level 5 of the Dungeon.
You worshipped Makhleb.
Makhleb was noncommittal.
You were not hungry.

You visited 2 branches of the dungeon, and saw 6 of its levels.

You collected 198 gold pieces.

Inventory:

Hand Weapons
 a - a +0 flail (weapon)
Armour
 b - a +0 scale mail (worn)
 c - a +0 shield (worn)
 n - a +0 helmet (worn)
Jewellery
 i - a ring of protection from fire (left hand)
 k - a cursed ring of teleportation {unknown}
 o - a ring of poison resistance (right hand)
 r - a +2 ring of protection {unknown}
 y - a cursed ring of teleportation {unknown}
Wands
 B - a wand of paralysis (8/24)
Scrolls
 j - 6 scrolls of identify
 m - a scroll of enchant armour {unknown}
 q - a scroll of amnesia {unknown}
 t - 4 scrolls of teleportation {unknown}
 x - 2 scrolls of immolation {unknown}
Potions
 d - 2 potions of might
 e - a potion of flight {unknown}
 g - 2 potions of haste
 h - 2 potions of agility
 l - a potion of heal wounds {unknown}
 p - a potion of lignification {unknown}
 u - a potion of cancellation {unknown}
 z - a potion of magic {unknown}
 A - a potion of brilliance {unknown}
Books
 v - a book of Maledictions

   Spells                             Type                      Level
   a - Corona                         Hexes                        1
   b - Ensorcelled Hibernation        Hexes/Ice                    2
   c - Confuse                        Hexes                        3
   d - Tukima's Dance                 Hexes                        3
   e - Dazzling Spray                 Conjuration/Hexes            3
Comestibles
 f - a bread ration
 s - a fruit
 w - 2 meat rations


   Skills:
 + Level 4.6 Fighting
 + Level 4.7 Maces & Flails
 + Level 4.6 Armour
 + Level 0.5 Dodging
 + Level 0.1 Stealth
 + Level 3.7 Shields


You had 5 spell levels left.
You didn't know any spells.

Dungeon Overview and Level Annotations

Branches:
Dungeon (5/15)             Temple (1/1) D:4

Altars:
Ashenzari
Dithmenos
Gozag
Hepliaklqana
Kikubaaqudgha
Makhleb
Qazlal
Ru
Uskayaw
Vehumet
Xom
Zin
The Shining One


Message History

The gnoll sergeant hits you from afar with a spear!
You block the iguana's attack.
The iguana hisses menacingly.
The iguana completely misses you. You block the gnoll sergeant's attack.
Your shield and scale mail prevent you from hitting the iguana.
The iguana is severely wounded.
The gnoll sergeant hits you but does no damage.
The iguana bites you.
* * * LOW HITPOINT WARNING * * *
You hit the iguana but do no damage.
The iguana is severely wounded.
The gnoll sergeant hits you from afar with a spear.
* * * LOW HITPOINT WARNING * * *
The iguana bites you but does no damage.
You closely miss the iguana.
The iguana is severely wounded.
The iguana bites you!
* * * LOW HITPOINT WARNING * * *
The gnoll sergeant hits you from afar with a spear.
You die...

#...........#...............
#...........####............
#...........................
..##...........####............
.........#..############..#####
.........#..####.. ....#..#
...........>...#.♣...♣.#...
...............#.......
...........#..@lg.$$...
..........##...#.......
......(...##...#.♣...♣.
........####...#.. ....
#.......# #.###### ### .......
..# ... ....


You could see a gnoll sergeant and an iguana.

Vanquished Creatures
  A scorpion (D:4)
  A bullfrog zombie (D:3)
  2 orc wizards (D:4)
  2 worker ants (D:4)
  The ghost of Goblin1989 the Sneak, a weakling SpAs (D:4)
  A gnoll (D:4)
  3 adders (D:3)
  An adder skeleton (D:5)
  4 worms
  A dart slug (D:2)
  3 leopard geckos
  6 orcs
  2 bats (D:2)
  2 giant cockroaches
  6 goblins
  2 hobgoblins
  8 jackals
  3 ball pythons
  5 frilled lizards
  3 kobolds
  5 rats
62 creatures vanquished.

Vanquished Creatures (others)
  An orc priest (D:4)
  2 gnolls (D:4)
  4 orcs (D:4)
7 creatures vanquished.

Grand Total: 69 creatures vanquished

Notes
Turn   | Place    | Note
-------+----------+-------------------------------------------
     0 | D:1      | Hailrake the Hill Orc Fighter began the quest for the Orb.
     0 | D:1      | Reached XP level 1. HP: 19/19 MP: 1/1
   274 | D:1      | Reached XP level 2. HP: 25/27 MP: 2/2
  1071 | D:2      | Reached XP level 3. HP: 32/33 MP: 3/3
  1487 | D:2      | Found a radiant altar of Vehumet.
  1487 | D:2      | Found a hide-covered altar of Uskayaw.
  2158 | D:3      | Reached XP level 4. HP: 40/40 MP: 4/4
  2623 | D:4      | Became a worshipper of Beogh the Brigand
  2635 | D:4      | Reached XP level 5. HP: 46/46 MP: 5/5
  2683 | D:4      | Found a glowing golden altar of the Shining One.
  2750 | D:4      | Noticed Goblin1989's ghost (weakling SpAs)
  2767 | D:4      | Killed Goblin1989's ghost
  3096 | D:4      | Found a staircase to the Ecumenical Temple.
  3106 | Temple   | Entered the Ecumenical Temple
  3343 | Temple   | Fell from the grace of Beogh
  3343 | Temple   | Became a worshipper of Makhleb the Destroyer
  3483 | D:4      | Reached XP level 6. HP: 47/53 MP: 6/6
  3501 | D:4      | Found a shadowy altar of Dithmenos.
  3704 | D:5      | Entered Level 5 of the Dungeon
  3760 | D:5      | HP: 2/53 [iguana (11)]
  3760 | D:5      | Slain by a gnoll sergeant

Skill      XL: |  1  2  3  4  5 |
---------------+----------------+-----
Fighting       | 4 |  4.6
Armour         | 4 |  4.6
Maces & Flails | 3 4 |  4.7
Dodging        | |  0.5
Stealth        | |  0.1
Shields        | |  3.7

Action                   |  1- 3 |  4- 6 || total
-------------------------+-------+-------++-------
Melee: Flail             |   123 |   112 ||   235
Invok: Convert to Beogh  |       |     1 ||     1
  Use: Scroll            |     3 |     3 ||     6
  Eat: Bread ration      |     1 |       ||     1
       Fruit             |       |     6 ||     6
Armor: Scale mail        |    62 |    43 ||   105
Dodge: Dodged            |    33 |    20 ||    53
Block: Shield            |    55 |    54 ||   109
